 Dungeon Crawl Stone Soup version 0.30-a0-845-g7c6808c8ce (webtiles) character file.

Game seed: 9608728550406527941

350 gelatine the Chopper (level 6, -10/47 HPs)
             Began as a Demonspawn Gladiator on Mar 3, 2023.
             Mangled by Duvessa
             ... wielding a +0 short sword
              (18 damage)
             ... on level 4 of the Dungeon.
             The game lasted 00:05:32 (2199 turns).

gelatine the Chopper (Demonspawn Gladiator)         Turns: 2199, Time: 00:05:32

Health: -10/47     AC:  6    Str: 15    XL:     6   Next: 33%
Magic:  5/8        EV: 13    Int: 11    God:
Gold:   176        SH:  0    Dex: 14    Spells: 7/7 levels left

rFire   . . .      SeeInvis .    w - +6 hand axe of Kevedoem {spect, rN+ Stlth+}
rCold   . . .      Faith    .    (no shield)
rNeg    + . .      Spirit   .    r - +1 robe of the Demon Prince {rElec}
rPois   .          Reflect  .    (helmet restricted)
rElec   +          Rampage  .    (no cloak)
rCorr   +                        p - +0 pair of gloves
Will    .....                    (no boots)
Stlth   +++                      (no amulet)
HPRegen 0.27/turn                h - ring of resist corrosion
MPRegen 0.11/turn                (no ring)

@: no status effects
A: antennae 2, yellow scales 1, demonic guardian 1
a: no special abilities


You were on level 4 of the Dungeon.
You visited 1 branch of the dungeon, and saw 4 of its levels.

You collected 176 gold pieces.

Inventory:

Hand Weapons
 a - a +0 war axe
 w - the +6 hand axe of Kevedoem (weapon) {spect, rN+ Stlth+}
   (You found it on level 2 of the Dungeon)

   rN:        It protects you from negative energy.
   Stlth:     It makes you more stealthy.
Missiles
 d - 3 throwing nets (quivered)
 e - a javelin
 n - 2 silver javelins
Armour
 b - a +0 leather armour
 p - a +0 pair of gloves (worn)
 r - the +1 robe of the Demon Prince (worn) {rElec}
   (You found it on level 2 of the Dungeon)

   rElec:     It insulates you from electricity.
 s - a +0 kite shield
Jewellery
 h - a ring of resist corrosion (left hand)
Scrolls
 c - a scroll of fog {unknown}
 g - 4 scrolls of identify {unknown}
 i - 2 scrolls of butterflies {unknown}
 j - 2 scrolls of poison {unknown}
 k - 3 scrolls of torment
 l - a scroll of vulnerability {unknown}
 q - a scroll of amnesia {unknown}
 t - 2 scrolls of immolation {unknown}
Potions
 f - 2 potions of might {unknown}
 m - 2 potions of heal wounds {unknown}
 o - 4 potions of curing {unknown}
 u - a potion of invisibility {unknown}
 v - a potion of cancellation {unknown}
 x - a potion of mutation {unknown}


   Skills:
 * Level 3.1 Fighting
 * Level 4.3 Axes
 + Level 2.0 Throwing
 * Level 1.7 Armour
 * Level 3.9 Dodging
 + Level 1.0 Stealth
 * Level 1.3 Spellcasting


You had 7 spell levels left.
You didn't know any spells.
Your spell library was empty.

Dungeon Overview and Level Annotations

Branches:
Dungeon (4/15)
 Temple: D:4-7

Altars:

Annotations:
D:4 Duvessa


Innate Abilities, Weirdness & Mutations

You have a pair of antennae on your head.
You are partially covered in yellow scales. (AC +2)
A weak demonic guardian rushes to your aid.


Message History

The bullfrog is severely wounded.
Your +6 hand axe of Kevedoem {spect, rN+ Stlth+} hits the bullfrog!
You kill the bullfrog!
Your Fighting skill increases to level 3!
You have reached level 6!
Your demonic ancestry asserts itself...
The antennae on your head grow some more.
Dowan hits you with a +0 dagger.
You hit Dowan.
Dowan is moderately wounded.
Your +6 hand axe of Kevedoem {spect, rN+ Stlth+} closely misses Dowan.
Dowan hits you but does no damage.
You closely miss Dowan.
Dowan is moderately wounded.
Your +6 hand axe of Kevedoem {spect, rN+ Stlth+} hits Dowan!
Your +6 hand axe of Kevedoem {spect, rN+ Stlth+} hits Duvessa!
Dowan casts a spell at you. The puff of flame hits you.
Duvessa hits your +6 hand axe of Kevedoem {spect, rN+ Stlth+} but does no damage.
You hit Dowan.
Dowan is almost dead.
Your +6 hand axe of Kevedoem {spect, rN+ Stlth+} hits Dowan!
You kill Dowan!
Duvessa screams, "No!
How DARE you!"
Duvessa goes berserk!
Your +6 hand axe of Kevedoem {spect, rN+ Stlth+} hits Duvessa but does no damage.
Duvessa barely misses your +6 hand axe of Kevedoem {spect, rN+ Stlth+}. x2
Your Stealth skill increases to level 1!
Duvessa hits you with a +0 short sword.
You hit Duvessa but do no damage.
Duvessa is moderately wounded.
Your +6 hand axe of Kevedoem {spect, rN+ Stlth+} hits Duvessa.
Duvessa hits you with a +0 short sword! x2
* * * LOW HITPOINT WARNING * * *
A demonic guardian appears!
You closely miss Duvessa. Your punch misses Duvessa.
Duvessa is moderately wounded.
Your +6 hand axe of Kevedoem {spect, rN+ Stlth+} hits Duvessa!
Duvessa hits you with a +0 short sword!!
You die...

.. ... ...##
.....# ##.#
....# #....
#..#####.....
#e5..†......
#(@....##...
...##.....##
#......<...#
##.........#
#.........#
#.........#
.....#######
...## ..#


You could see Duvessa (berserk, ally target), a friendly +6 hand axe of Kevedoem
{spect, rN+ Stlth+} (summoned) and a friendly white imp (summoned).

Vanquished Creatures
  Sigmund (D:4)
  A bullfrog (D:4)
  Dowan (D:4)
  4 adders
  5 dart slugs
  A bat (D:3)
  4 endoplasms
  A giant cockroach (D:2)
  3 goblins
  3 hobgoblins
  2 jackals (D:1)
  5 kobolds
  A quokka (D:1)
  2 ball pythons (D:1)
  3 frilled lizards
  3 rats
40 creatures vanquished.

Notes
Turn   | Place    | Note
-------+----------+-------------------------------------------
     0 | D:1      | gelatine the Demonspawn Gladiator began the quest for the
                  | Orb.
     0 | D:1      | Reached XP level 1. HP: 16/16 MP: 1/1
   117 | D:1      | Gained mutation: You have a pair of small antennae on your
                  | head. [demonic ancestry]
   117 | D:1      | Reached XP level 2. HP: 22/22 MP: 2/2
   898 | D:2      | Reached skill level 3 in Axes
   898 | D:2      | Gained mutation: A weak demonic guardian rushes to your
                  | aid. [demonic ancestry]
   898 | D:2      | Reached XP level 3. HP: 18/27 MP: 3/3
  1197 | D:2      | Identified the +6 hand axe of Kevedoem {spect, rN+ Stlth+}
  1335 | D:2      | Identified the +1 robe of the Demon Prince {rElec}
  2064 | D:3      | Found a faded altar of an unknown god.
  2161 | D:3      | Reached skill level 1 in Armour
  2161 | D:3      | Reached XP level 4. HP: 34/34 MP: 4/4
  2181 | D:4      | Noticed Sigmund
  2186 | D:4      | Killed Sigmund
  2187 | D:4      | Reached skill level 4 in Axes
  2187 | D:4      | Reached skill level 1 in Spellcasting
  2187 | D:4      | Gained mutation: You are partially covered in yellow
                  | scales. (AC +2) [demonic ancestry]
  2187 | D:4      | Reached XP level 5. HP: 40/40 MP: 4/6
  2188 | D:4      | Noticed Dowan
  2190 | D:4      | Noticed Duvessa
  2193 | D:4      | Gained mutation: You have a pair of antennae on your head.
                  | [demonic ancestry]
  2193 | D:4      | Reached XP level 6. HP: 47/47 MP: 4/7
  2196 | D:4      | Killed Dowan
  2197 | D:4      | Reached skill level 1 in Stealth
  2199 | D:4      | Mangled by Duvessa

Illustrated notes

Levels and vault maps discovered:
D:1:      nicolae_arrival_memento_mori, layout_loops_ring,
          minmay_misc_feat_encased, minmay_misc_feat_plants
D:2:      layout_basic, minmay_hedge_maze, minmay_diced_spiral
D:3:      layout_basic, shapermc_ecumenical_altar_ellora
D:4:      layout_layer_cave, okawaru_gym_becter, serial_shops,
          nicolae_shop_behind_doors, uniq_grinder, uniq_duvessa, uniq_ijyb,
          uniq_sigmund

Skill      XL: |  1  2  3  4  5  6 |
---------------+-------------------+-----
Dodging        | 3 |  3.9
Axes           | 3 4 |  4.3
Throwing       | 2 |  2.0
Armour         | 1 |  1.7
Spellcasting   | 1 |  1.3
Fighting       | 3 |  3.1
Stealth        | 1 |  1.0

Action                     |  1- 3 |  4- 6 || total
---------------------------+-------+-------++-------
  Melee: War axe           |   110 |       ||   110
         Punch             |     1 |       ||     1
         Hand axe          |     4 |    11 ||    15
    Use: Scroll            |     1 |       ||     1
   Stab: Sleeping          |     2 |     1 ||     3
         Distracted        |     1 |       ||     1
 Armour: Leather armour    |    20 |       ||    20
         Robe              |     8 |     1 ||     9
  Dodge: Dodged            |    90 |     2 ||    92

Table legend: (Time is in decaauts)
 A = Elapsed time spent in this place.
 B = Non-inter-level travel time spent in this place.
 C = Inter-level travel time spent in this place.
 D = Time resting spent in this place.
 E = Time spent auto-exploring this place.
 F = Levels seen in this place.
 G = Mean time per level.
                   A        B        C        D        E       F      G
               +--------+--------+--------+--------+--------+-----+--------+
         Total |   2239 |   2125 |    114 |      0 |   1699 |   4 |  559.8 |
       Dungeon |   2239 |   2125 |    114 |      0 |   1699 |   4 |  559.8 |
               +--------+--------+--------+--------+--------+-----+--------+

Top non-repeatable levels by time:
     D:2: 1009 daAuts
     D:1: 760 daAuts
     D:3: 450 daAuts
     D:4: 18 daAuts
